 Dungeon Crawl Stone Soup version 0.31-a0-664-g902f515a81 (webtiles) character file.

Game seed: 17047925630258403033

238 arthad the Trooper (level 6, -1/40 HPs)
             Began as a Gargoyle Fighter on Sept 2, 2023.
             Was an Initiate of Okawaru.
             Slain by Natasha (7 damage)
             ... on level 3 of the Dungeon.
             The game lasted 00:03:16 (1901 turns).

arthad the Trooper (Gargoyle Fighter)               Turns: 1901, Time: 00:03:16

Health: -1/40      AC: 12    Str: 21    XL:     6   Next: 7%
Magic:  6/6        EV:  9    Int:  9    God:    Okawaru [......]
Gold:   150        SH:  4    Dex:  9    Spells: 5/5 levels left

rFire   . . .        a - +0 war axe
rCold   . . .        c - +0 buckler
rNeg    + + .        b - +0 scale mail
rPois   ∞            (no helmet)
rElec   +            (no cloak)
rCorr   .            f - +0 pair of gloves
SInv    .            (no boots)
Will    .....        r - amulet of the acrobat Stlth
                     o - ring of positive energy
HPRegen 0.26/turn    (no ring)
MPRegen 0.10/turn

%: acrobat
@: slowed, very slow
A: sickness immunity, AC +4, negative energy resistance 1, electricity
resistance, torment resistance 1, petrification resistance
a: Renounce Religion


You were on level 3 of the Dungeon.
You worshipped Okawaru.
Okawaru was noncommittal.
You visited 1 branch of the dungeon, and saw 3 of its levels.

You collected 150 gold pieces.

Inventory:

Hand Weapons
 a - a +0 war axe (weapon)
 s - a +1 whip of holy wrath
 v - a +0 broad axe
Missiles
 p - 5 darts of dispersal
Armour
 b - a +0 scale mail (worn)
 c - a +0 buckler (worn)
 f - a +0 pair of gloves (worn)
Jewellery
 o - a ring of positive energy (left hand)
 r - an amulet of the acrobat (around neck)
Scrolls
 e - a scroll of torment {unknown}
 j - 5 scrolls of identify {unknown}
 k - 2 scrolls of fog {unknown}
 l - a scroll of enchant weapon {unknown}
 m - a scroll of revelation {unknown}
Potions
 d - a potion of might
 g - a potion of lignification {unknown}
 h - a potion of degeneration {unknown}
 i - a potion of invisibility {unknown}
 q - a potion of haste {unknown}
 t - a potion of enlightenment {unknown}
 u - a potion of heal wounds {unknown}


   Skills:
 * Level 5.0 Fighting
 * Level 3.5 Axes
 + Level 4.1 Armour
 + Level 4.1 Shields


You had 5 spell levels left.
You didn't know any spells.
Your spell library contained the following spells:

 Spells                   Type           Power      Damage    Failure   Level
 Sandblast                Erth           0%         2d4       78%         1
 Passwall                 Tmut/Erth      0%         N/A       89%         2
 Wereblood                Tmut           0%         N/A       89%         2
 Stone Arrow              Conj/Erth      0%         3d7       98%         3
 Iskenderun's Mystic Bla  Conj/Tloc      0%         2d3       100%        4
 Passage of Golubria      Tloc           0%         N/A       100%        4
 Yara's Violent Unravell  Hex/Tmut       0%         3d3       100%        5
 Dispersal                Tloc           0%         N/A       100%        6
 Sublimation of Blood     Necr           Unusable   N/A       N/A         2
 Tukima's Dance           Hex            Unusable   N/A       N/A         3
 Summon Hydra             Summ           Unusable   N/A       N/A         7

Dungeon Overview and Level Annotations

Branches:
Dungeon (3/15)

Altars:
Gozag
Okawaru
Wu Jian

Shops:
D:2 (

Annotations:
D:3 2 runed translucent doors, Natasha


Innate Abilities, Weirdness & Mutations

You are immune to sickness and miasma.
Your stone body is resilient. (AC +4)
You are immune to poison.
You resist negative energy. (rN+)
You are resistant to electric shocks. (rElec)
You are resistant to unholy torment.
You are immune to petrification.


Message History

You are too injured to fight recklessly!
You are too injured to fight recklessly!
You barely miss Natasha.
Natasha is almost dead.
The cerulean imp hits you but does no damage. x2
Natasha claws you.
The cerulean imp hits you from afar with a +2 spear.
* * * LOW HITPOINT WARNING * * *
The cerulean imp hits you but does no damage.
Natasha claws you.
* * * LOW HITPOINT WARNING * * *
You completely miss Natasha.
Natasha is almost dead.
The cerulean imp hits you but does no damage. x3
Natasha claws you but does no damage.
The cerulean imp hits you but does no damage.
The cerulean imp hits you from afar with a +2 spear.
* * * LOW HITPOINT WARNING * * *
The cerulean imp barely misses you. Natasha claws you but does no damage.
It was a potion of curing.
You feel better.
The cerulean imp hits you from afar with a +2 spear.
* * * LOW HITPOINT WARNING * * *
The cerulean imp hits you but does no damage. x2
Natasha stares at you and mumbles some strange words.
The magic dart hits you but does no damage.
The cerulean imp barely misses you.
The cerulean imp hits you from afar with a +1 spear.
* * * LOW HITPOINT WARNING * * *
The cerulean imp hits you but does no damage.
You feel better.
Natasha stares at you and mumbles some strange words.
The magic dart hits you.
* * * LOW HITPOINT WARNING * * *
The cerulean imp hits you but does no damage. x2
The cerulean imp barely misses you.
Natasha howls an incantation.
Natasha's front paws start to glow.
Natasha claws you!
You die...
Natasha begins licking her fur clean.

......# #.#...#.## ##.......#
.##...######.##.#...####.........
...............<.......'†..†.....
.##...######........####...†.....
...................## ##.......#
###.#######.#.....## ##.....##
#...#### #.#..555# ##...##
#.#....# #.####h## ##+##
#...##.###.# #@# #.# ##.........#
#.# ########.### #####.#####
##.## #..........# #)#
#...###.#####....# #.# #.......#
#.....## #######.# #...#####
##...... ........# ##.## ##.####
######### #.# #.# #.# #.#


You could see Natasha and 3 cerulean imps.

Vanquished Creatures
  Jessica (D:3)
  Natasha (twice) (D:3)
  8 adders
  A worm (D:2)
  3 dart slugs
  An orc (D:3)
  6 ball pythons
  7 endoplasms
  6 hobgoblins
  4 jackals (D:1)
  2 quokkas
  5 bats
  3 frilled lizards
  8 goblins
  9 kobolds
  19 rats
85 creatures vanquished.

Notes
Turn   | Place    | Note
-------+----------+-------------------------------------------
     0 | D:1      | arthad the Gargoyle Fighter began the quest for the Orb.
     0 | D:1      | Reached XP level 1. HP: 14/14 MP: 1/1
   124 | D:1      | Reached XP level 2. HP: 12/19 MP: 2/2
   314 | D:1      | Reached XP level 3. HP: 24/24 MP: 3/3
   521 | D:1      | Reached skill level 4 in Fighting
   729 | D:2      | Reached XP level 4. HP: 26/29 MP: 4/4
   757 | D:2      | Found Xaerirudd's Antique Weapon Shoppe.
  1143 | D:3      | Reached XP level 5. HP: 34/34 MP: 5/5
  1268 | D:3      | Found a faded altar of an unknown god.
  1268 | D:3      | Noticed Jessica
  1274 | D:3      | Killed Jessica
  1351 | D:3      | Got the Codex of Movement
  1430 | D:3      | Noticed Natasha
  1437 | D:3      | Killed Natasha
  1482 | D:3      | Found an opulent altar of Gozag.
  1483 | D:3      | Found an ornate altar of the Wu Jian Council.
  1484 | D:3      | Found an iron altar of Okawaru.
  1492 | D:3      | Became a worshipper of Warmaster Okawaru
  1608 | D:3      | Noticed Natasha
  1613 | D:3      | Killed Natasha
  1614 | D:3      | Reached skill level 5 in Fighting
  1614 | D:3      | Reached XP level 6. HP: 40/40 MP: 6/6
  1882 | D:3      | Found a runed translucent gate.
  1882 | D:3      | Found a runed translucent gate.
  1886 | D:3      | Noticed Natasha
  1899 | D:3      | HP: 1/40 [cerulean imp/+2 spear[Natasha] (3)]
  1901 | D:3      | Slain by Natasha

Illustrated notes

Levels and vault maps discovered:
D:1:      zelgadis_glass_arrival_small, layout_rooms, minmay_rat_gold_closets
D:2:      layout_rooms, serial_shops, shop, minmay_tromino_v4_b
D:3:      layout_loops_corners, chequers_temple_overflow_statue_of_worship,
          gammafunk_ghost_necromancy, ebering_ecumenical_altar_sacrificial,
          uniq_natasha, uniq_jessica

Skill      XL: |  1  2  3  4  5 |
---------------+----------------+-----
Axes           | 2 3 |  3.5
Fighting       | 4 5 |  5.0
Armour         | 4 |  4.1
Shields        | 4 |  4.1

Action                     |  1- 3 |  4- 6 || total
---------------------------+-------+-------++-------
  Melee: War axe           |    97 |   158 ||   255
    Use: Potion            |       |     2 ||     2
 Armour: Scale mail        |    70 |   137 ||   207
  Dodge: Dodged            |    39 |   102 ||   141
  Block: Buckler           |    19 |    49 ||    68

Table legend: (Time is in decaauts)
 A = Elapsed time spent in this place.
 B = Non-inter-level travel time spent in this place.
 C = Inter-level travel time spent in this place.
 D = Time resting spent in this place.
 E = Time spent auto-exploring this place.
 F = Levels seen in this place.
 G = Mean time per level.
                   A        B        C        D        E       F      G
               +--------+--------+--------+--------+--------+-----+--------+
         Total |   2012 |   1991 |     21 |      0 |   1367 |   3 |  670.7 |
       Dungeon |   2012 |   1991 |     21 |      0 |   1367 |   3 |  670.7 |
               +--------+--------+--------+--------+--------+-----+--------+

Top non-repeatable levels by time:
     D:3: 828 daAuts
     D:1: 669 daAuts
     D:2: 515 daAuts
